 Dungeon Crawl Stone Soup version 0.23.1 (webtiles) character file.

Game seed: 4218847721803447694

4305 darkstardao the Cutter (level 10, -2/79 HPs)
             Began as a Demonspawn Fighter on Mar 8, 2019.
             Was a Follower of Qazlal.
             Killed from afar by Harold (6 damage)
             ... with a harpoon shot
             ... on level 7 of the Dungeon.
             The game lasted 00:17:56 (7792 turns).

darkstardao the Cutter (Demonspawn Fighter)         Turns: 7792, Time: 00:17:57

Health: -2/79      AC:  9    Str: 16    XL:     10   Next: 11%
Magic:  10/10      EV: 11    Int: 10    God:    Qazlal [*.....]
Gold:   365        SH: 11    Dex: 22    Spells: 9/9 levels left

rFire    + + .     SeeInvis .   d - +1 dagger (elec)
rCold    + . .     Gourm    .   c - +0 shield
rNeg     . . .     Faith    .   b - +0 scale mail
rPois    .         Spirit   .   (no helmet)
rElec    .         Reflect  .   q - scarf {rC+ rF+}
rCorr    .         Harm     .   (gloves unavailable)
MR       .....                  (no boots)
Stlth    ..........             (no amulet)
HPRegen  0.23/turn              x - ring of Neim {Ice Dex+6 Stlth-}
MPRegen  0.12/turn              p - ring of fire

@: berserk cooldown, slowed, studying Crossbows, very slow
A: claws 3, molten scales 1, demonic guardian 1, fire resistance 1, flame cloud
immunity
a: Renounce Religion


You were on level 7 of the Dungeon.
You worshipped Qazlal.
Qazlal was aware of your devotion.
You were very hungry.

You visited 2 branches of the dungeon, and saw 8 of its levels.

You collected 365 gold pieces.

Inventory:

Hand Weapons
 a - a +0 war axe
 d - a +1 dagger of electrocution (weapon)
 e - a +0 whip of chaos
Armour
 b - a +0 scale mail (worn)
 c - a +0 shield (worn)
 q - a scarf of resistance (worn)
Jewellery
 p - a ring of fire (right claw)
 x - the ring of Neim (left claw) {Ice Dex+6 Stlth-}
   (You found it on level 5 of the Dungeon)

   [ring of ice]

   It enhances your ice magic.
   It affects your dexterity (+6).
   It makes you vulnerable to fire.
   It protects you from cold.
   It makes you less stealthy.
 C - a cursed ring of attention {unknown}
Wands
 k - a wand of disintegration (14)
 z - a wand of iceblast (9)
 A - a wand of flame (12)
 B - a wand of random effects (13)
Scrolls
 g - a scroll of magic mapping
 h - 3 scrolls of enchant armour
 i - a scroll of immolation
 j - 2 scrolls of blinking
 m - a scroll of enchant weapon
 n - 3 scrolls of remove curse
 o - 2 scrolls of amnesia
 r - a scroll of teleportation
 s - a scroll of fear {unknown}
Potions
 l - 3 potions of haste
 t - a potion of lignification
 u - a potion of flight
 w - a potion of berserk rage
Books
 y - a manual of Crossbows
Comestibles
 f - 14 rations


   Skills:
 + Level 7.4 Fighting
 * Level 7.4 Short Blades
 - Level 3.6 Axes
 + Level 6.7 Armour
 + Level 6.0 Dodging
 - Level 2.6 Shields


You had 9 spell levels left.
You didn't know any spells.
Your spell library was empty.

Dungeon Overview and Level Annotations

Branches:
Dungeon (7/15)             Temple (1/1) D:6

Altars:
Ashenzari
Cheibriados
Dithmenos
Elyvilon
Fedhas
Gozag
Hepliaklqana
Kikubaaqudgha
Makhleb
Okawaru
Qazlal
Ru
Sif Muna
Trog
Uskayaw
Vehumet
Wu Jian
Xom
Yredelemnul
Zin
The Shining One

Shops:
D:5 (   D:6 ?

Annotations:
D:7 Harold


Innate Abilities, Weirdness & Mutations

You have claws for hands.
You are partially covered in molten scales. (AC +2)
A weak demonic guardian rushes to your aid.
Your flesh is heat resistant. (rF+)
You are immune to clouds of flame.


Message History

Harold is severely wounded.
You hit Harold.
Harold is severely wounded.
Harold hits you with a +0 short sword!!
* * * LOW HITPOINT WARNING * * *
You hit Harold.
Harold is severely wounded.
Unknown command.
You swap places.
Your ufetubus closely misses Harold.
Your ufetubus hits Harold but does no damage.
Harold hits your ufetubus with a +0 short sword!
Your ufetubus dies!
You feel a strong urge to attack something.
You are no longer berserk.
You are exhausted.
You feel yourself slow down.
Harold says, "Bounty hunting has been great, but I can't wait to retire."
Harold points at you and mumbles some strange words.
The harpoon shot hits you.
You die...

########### #.........#
#.#######<## ## #.#
###...#####
.#...########.####.........#
........S@.........#...###.#
#.#..########@#######.## #.#
... .###.......(....#.# #.#
# ...........#####.#.# #.#
#.###.###### #.#.####.#
##.###.# #.#......#
##...##.# #.#####..#
#####.....#.##########.#
#...(#
..h@...................#
#.#.##
#####........###########
#.#.#


You could see Harold and an adder.

Vanquished Creatures
  A dancing weapon (D:7)
  The ghost of wont the Covered, a novice FoWr of Okawaru (D:7)
  Joseph (D:7)
  Menkaure (D:6)
  Duvessa (D:4)
  3 ice beasts (D:5)
  2 black bears
  A phantom (D:5)
  An ogre (D:5)
  4 centaurs
  Blork the orc (D:4)
  A big kobold (D:7)
  4 bullfrogs
  A gnoll sergeant (D:6)
  Dowan (D:4)
  5 killer bees (D:7)
  4 crimson imps
  A centaur zombie (D:7)
  2 hounds
  2 jellies
  Crazy Yiuf (D:7)
  A bullfrog skeleton (D:4)
  3 centaur skeletons
  3 orc wizards
  5 worker ants
  A hound skeleton (D:4)
  A worker ant zombie (D:5)
  7 gnolls
  A howler monkey skeleton (D:5)
  13 adders
  4 oozes
  2 adder skeletons
  2 dart slugs
  3 leopard geckos
  11 orcs
  4 ball pythons (D:2)
  7 giant cockroaches
  5 hobgoblins
  3 quokkas
  5 bats
  5 frilled lizards
  A giant cockroach zombie (D:6)
  8 goblins
  5 kobolds
  2 leopard gecko skeletons
  A leopard gecko zombie (D:5)
  2 quokka skeletons (D:4)
  A quokka zombie (D:6)
  A rat (D:1)
146 creatures vanquished.

Vanquished Creatures (collateral kills)
  A killer bee (D:7)
1 creature vanquished.

Vanquished Creatures (others)
  A quokka (D:4)
  5 fungi (D:7)
6 creatures vanquished.

Grand Total: 153 creatures vanquished

Notes
Turn   | Place    | Note
-------+----------+-------------------------------------------
     0 | D:1      | darkstardao the Demonspawn Fighter began the quest for the
                  | Orb.
     0 | D:1      | Reached XP level 1. HP: 18/18 MP: 1/1
   124 | D:1      | Gained mutation: You have sharp fingernails. [demonic
                  | ancestry]
   124 | D:1      | Reached XP level 2. HP: 24/24 MP: 2/2
  1200 | D:2      | Found a white marble altar of Elyvilon.
  1249 | D:2      | Reached skill level 1 in Dodging
  1308 | D:2      | Found a basalt altar of Yredelemnul.
  1378 | D:2      | Gained mutation: Your flesh is heat resistant. (rF+)
                  | [demonic ancestry]
  1378 | D:2      | Reached XP level 3. HP: 29/29 MP: 3/3
  1431 | D:2      | Noticed a black bear
  1462 | D:2      | Killed a black bear
  1462 | D:2      | Gained mutation: You are partially covered in molten
                  | scales. (AC +2) [demonic ancestry]
  1462 | D:2      | Reached XP level 4. HP: 15/37 MP: 4/4
  1722 | D:2      | Gained mutation: You are immune to clouds of flame.
                  | [demonic ancestry]
  1722 | D:2      | Reached XP level 5. HP: 42/42 MP: 5/5
  2850 | D:4      | Reached XP level 6. HP: 47/48 MP: 6/6
  3221 | D:4      | Noticed Dowan
  3230 | D:4      | Killed Dowan
  3297 | D:4      | Found a white marble altar of Elyvilon.
  3382 | D:4      | Noticed Blork the orc
  3393 | D:4      | Killed Blork the orc
  3554 | D:4      | You fall through a shaft for 3 floors!
  3587 | D:6      | Noticed Menkaure
  3597 | D:6      | Killed Menkaure
  3597 | D:6      | Reached skill level 1 in Short Blades
  3597 | D:6      | Reached XP level 7. HP: 49/55 MP: 7/7
  3618 | D:5      | Entered Level 5 of the Dungeon
  3640 | D:5      | Found Haluumyu's Weapon Boutique.
  3644 | D:5      | Got a twitching tin ring
  3647 | D:5      | Identified the ring of Neim {Ice Dex+6 Stlth-} (You found
                  | it on level 5 of the Dungeon)
  3688 | D:5      | Found a shimmering altar of Xom.
  3688 | D:5      | Found a shimmering altar of Xom.
  3752 | D:5      | Reached skill level 5 in Fighting
  4131 | D:4      | Noticed Duvessa
  4170 | D:4      | Killed Duvessa
  4170 | D:4      | Gained mutation: You have very sharp fingernails. [demonic
                  | ancestry]
  4170 | D:4      | Reached XP level 8. HP: 23/62 MP: 8/8
  4911 | D:5      | Found a glowing silver altar of Zin.
  4978 | D:5      | Reached skill level 5 in Armour
  4988 | D:5      | Found a shimmering altar of Xom.
  5044 | D:5      | Found a shimmering altar of Xom.
  5044 | D:5      | Found a shimmering altar of Xom.
  5044 | D:5      | Found a shimmering altar of Xom.
  5045 | D:5      | Found a shimmering altar of Xom.
  5045 | D:5      | Found a shimmering altar of Xom.
  5046 | D:5      | Found a shimmering altar of Xom.
  5233 | D:5      | Found a bloodstained altar of Trog.
  5233 | D:5      | Found a deep blue altar of Sif Muna.
  5637 | D:6      | Found a staircase to the Ecumenical Temple.
  5665 | D:6      | Found Jecw's Magic Scroll Boutique.
  5677 | Temple   | Entered the Ecumenical Temple
  5853 | D:6      | Reached skill level 5 in Short Blades
  6089 | D:6      | Found a stormy altar of Qazlal.
  6092 | D:6      | Noticed an air elemental
  6125 | D:6      | Became a worshipper of Qazlal Stormbringer
  6137 | D:6      | Gained mutation: You have claws for hands. [demonic
                  | ancestry]
  6137 | D:6      | Reached XP level 9. HP: 69/69 MP: 9/9
  6351 | D:7      | Found a runed translucent door.
  6351 | D:7      | Found a shimmering altar of Xom.
  6351 | D:7      | Noticed wont's ghost (novice FoWr)
  6351 | D:7      | Noticed a +0 whip of chaos
  6489 | D:7      | Killed a +0 whip of chaos
  6489 | D:7      | Reached skill level 5 in Dodging
  6509 | D:7      | Killed wont's ghost
  6680 | D:7      | Noticed Joseph
  6709 | D:7      | Killed Joseph
  6799 | D:7      | Found a runed translucent door.
  6800 | D:7      | Noticed Crazy Yiuf
  6854 | D:7      | Found a blossoming altar of Fedhas.
  6959 | D:7      | Paralysed by Crazy Yiuf for 3 turns
  6965 | D:7      | Killed Crazy Yiuf
  7084 | D:7      | Gained mutation: A weak demonic guardian rushes to your
                  | aid. [demonic ancestry]
  7084 | D:7      | Reached XP level 10. HP: 67/79 MP: 10/10
  7167 | D:7      | Noticed Harold
  7218 | D:7      | Reached * piety under Qazlal
  7787 | D:7      | HP: 4/118 [Harold/+0 short sword (26)]
  7792 | D:7      | Killed from afar by Harold

Skill      XL: |  1  2  3  4  5  6  7  8  9 10 |
---------------+-------------------------------+-----
Axes           | 2 3 |  3.6
Dodging        | 1 2 3 4 5 6 |  6.0
Armour         | 3 4 5 6 |  6.7
Fighting       | 4 5 6 7 |  7.4
Short Blades   | 1 3 5 7 |  7.4
Shields        | |  2.6

Action                   |  1- 3 |  4- 6 |  7- 9 | 10-12 || total
-------------------------+-------+-------+-------+-------++-------
Melee: War axe           |    83 |   163 |       |       ||   246
       Dagger            |       |    11 |   396 |    97 ||   504
  Use: Potion            |       |     1 |    10 |     2 ||    13
       Scroll            |       |       |    14 |     2 ||    16
  Eat: Chunk             |     2 |     7 |     8 |     1 ||    18
       Ration            |       |       |     1 |       ||     1
Armor: Scale mail        |    70 |    88 |    87 |    22 ||   267
       Skin              |       |       |    39 |       ||    39
Dodge: Dodged            |    33 |    52 |    79 |    45 ||   209
Block: Shield            |    65 |    99 |   154 |    40 ||   358
